 Dungeon Crawl Stone Soup version 0.30-a0-373-gd37427bb62 (webtiles) character file.

Game seed: 1273579424292564206

23222 funkygono the Thaumaturge (level 12, 0/80 HPs)
             Began as a Demonspawn Fire Elementalist on Nov 24, 2022.
             Was a Priest of Vehumet.
             Slain by an elephant (3 damage)
             ... on level 2 of the Lair of Beasts.
             The game lasted 00:31:13 (16765 turns).

funkygono the Thaumaturge (DsFE)                   Turns: 16765, Time: 00:31:14

Health: 0/80       AC:  7    Str: 10    XL:     12   Next: 69%
Magic:  21/28      EV: 13    Int: 21    God:    Vehumet [***...]
Gold:   691        SH:  6    Dex: 13    Spells: 14/35 levels left

rFire   + . .      SeeInvis .    l - +3 whip (flame)
rCold   x . .      Faith    .    (no shield)
rNeg    . . .      Spirit   .    P - +0 steam dragon scales
rPois   .          Reflect  .    m - +0 hat
rElec   .          Harm     .    (no cloak)
rCorr   .          Rampage  .    C - +1 pair of gloves
Will    +....                    (no boots)
Stlth   ++........               M - amulet of regeneration
HPRegen 1.13/turn                r - ring of fire
MPRegen 0.21/turn                p - ring of willpower

@: mighty
A: horns 1, large bone plates 2, powered by death 1, powered by pain 3
a: Renounce Religion


You were on level 2 of the Lair of Beasts.
You worshipped Vehumet.
Vehumet was most pleased with you.
You visited 3 branches of the dungeon, and saw 14 of its levels.
You also visited: Sewer.

You collected 852 gold pieces.
You spent 161 gold pieces at shops.

Inventory:

Hand Weapons
 l - a +3 whip of flaming (weapon)
 F - a +3 mace
Armour
 m - a +0 hat (worn)
 C - a +1 pair of gloves (worn)
 P - +0 steam dragon scales (worn)
 Q - a +2 ring mail of willpower
 T - an orb of mayhem
Magical Staves
 K - a staff of death
Jewellery
 a - a ring of willpower
 o - a ring of positive energy
 p - a ring of willpower (right hand)
 r - a ring of fire (left hand)
 M - an amulet of regeneration (around neck)
Wands
 e - a wand of digging (4)
 t - a wand of iceblast (32)
 v - a wand of light (9)
 I - a wand of charming (14)
 N - a wand of flame (25)
Scrolls
 b - 3 scrolls of magic mapping
 f - 4 scrolls of amnesia
 h - 4 scrolls of teleportation
 i - 8 scrolls of blinking
 u - 2 scrolls of summoning
 w - 2 scrolls of fear
Potions
 c - 2 potions of lignification
 d - a potion of flight
 g - 3 potions of heal wounds
 j - 6 potions of curing
 n - 5 potions of resistance
 x - 4 potions of brilliance
 z - 3 potions of mutation
 A - 2 potions of haste
 B - 2 potions of might
 G - a potion of invisibility {unknown}
 J - 2 potions of degeneration {unknown}
 R - a potion of cancellation {unknown}
 S - a potion of ambrosia {unknown}


   Skills:
 + Level 2.8 Fighting
 + Level 2.8 Maces & Flails
 + Level 4.5 Dodging
 - Level 1.7 Stealth
 + Level 3.1 Shields
 + Level 12.2 Spellcasting
 + Level 8.5 Conjurations
 + Level 11.6 Fire Magic
 * Level 3.1 Earth Magic
 + Level 1.9 Evocations


You had 14 spell levels left.
You knew the following spells:

 Your Spells              Type           Power      Damage    Failure   Level
a - Foxfire               Conj/Fire      100%       2x1d9     1%          1
b - Scorch                Fire           100%       2d10      1%          2
c - Kindle Blastsparks    Fire/Tloc/Air  86%        2d17      1%          3
d - Flame Wave            Conj/Fire      70%        2d16      1%          4
e - Magic Dart            Conj           100%       1d8       1%          1
f - Shock                 Conj/Air       100%       1d9       1%          1
g - Momentum Strike       Conj/Tloc      60%        3d9       1%          2
h - Stone Arrow           Conj/Erth      74%        3d11      1%          3
i - Sticky Flame          Conj/Fire      70%        2d8       1%          4

Your spell library contained the following spells:

 Spells                   Type           Power      Damage    Failure   Level
 Static Discharge         Conj/Air       60%        2-5/arc   1%          2
 Hailstorm                Conj/Ice       30%        3d8       1%          3
 Inner Flame              Hex/Fire       54%        N/A       1%          3
 Mephitic Cloud           Conj/Pois/Air  24%        N/A       1%          3
 Call Imp                 Summ           12%        N/A       8%          2
 Ozocubu's Armour         Ice            12%        N/A       16%         3
 Vhi's Electric Charge    Tloc/Air       24%        N/A       16%         3
 Manifold Assault         Tloc           12%        N/A       45%         4
 Borgnjor's Vile Clutch   Necr/Erth      9%         N/A       58%         5
 Alistair's Intoxication  Tmut/Pois      8%         N/A       82%         5
 Eringya's Noxious Bog    Tmut/Pois      6%         N/A       86%         6
 Dispersal                Tloc           6%         N/A       100%        6
 Dragon Form              Tmut           6%         N/A       100%        7
 Disjunction              Tloc           6%         N/A       100%        8
 Shatter                  Erth           13%        3d13*     100%        9


Dungeon Overview and Level Annotations

Branches:
Dungeon (11/15)            Temple (1/1) D:5            Lair (2/5) D:10
  Snake (0/4) Lair:2          Orc (0/2) D:10          Sewer (visited)
  Swamp: Lair:2-3    Shoals: Lair:2-3

Altars:
Ashenzari
Cheibriados
Dithmenos
Fedhas
Gozag
Hepliaklqana
Kikubaaqudgha
Makhleb
Nemelex Xobeh
Okawaru
Qazlal
Ru
Sif Muna
Trog
Uskayaw
Vehumet
Wu Jian
Xom
Yredelemnul

Shops:
D:11 [


Innate Abilities, Weirdness & Mutations

You have a pair of small horns on your head.
You are mostly covered in large bone plates. (SH +6)
You regenerate a little health from kills.
You are powered by pain.


Message History

The elephant is almost dead. (Press . to intensify the flame waves.)
The elephant tramples you!
* * * LOW HITPOINT WARNING * * *
You hold your ground!
You block the elephant's attack.
A wave of flame ripples out!
The flame wave engulfs the elephant!
You kill the elephant!
Vehumet accepts your kill.
You feel your power returning.
The flame wave engulfs the basilisk!
You kill the basilisk!
Vehumet accepts your kill.
You feel your power returning.
A wave of flame ripples out!
The flame wave engulfs the elephant but does no damage.
The elephant is moderately wounded.
You finish channelling waves of flame.
Casting: Flame Wave (safe; 1% risk of failure)
Confirm with . or Enter, or press ? or * to list all spells.
You feel a surge of power!
Flames lash the elephant.
The elephant is heavily wounded.
The elephant's fire resistance burns away.
The elephant tramples you.
* * * LOW HITPOINT WARNING * * *
You hold your ground!
The elephant closely misses you.
Casting: Scorch (safe; 1% risk of failure)
Confirm with . or Enter, or press ? or * to list all spells.
You feel a surge of power!
Flames lash the elephant.
The elephant is burned terribly!
The elephant is heavily wounded.
The elephant tramples you!
* * * LOW HITPOINT WARNING * * *
You hold your ground!
The elephant trunk-slaps you but does no damage.
Casting: Scorch (safe; 1% risk of failure)
Confirm with . or Enter, or press ? or * to list all spells.
You feel a surge of power!
Flames lash the elephant.
The elephant is burned terribly!
The elephant is severely wounded.
The elephant tramples you.
You die...

#..P# #.... #...P
#.#..## .# ^ ##.
#..#####P.##.. ##
#.#####............ #.
##...##.#..........# ..
#P.#......####....##
#.###..#P.##..##@.......
##...#.##.###..Y.#...###
#.##.#..P.###..#......#
...#.............##.##..
.#####.#P...<.......#..#
##.###.....###P...##.#
....####(.#####......
##...................
#.#P####.##.##...##...


You could see an elephant (combustible).

Vanquished Creatures
  A hydra (Lair:1)
  A centaur warrior (D:10)
  A boulder beetle (Lair:1)
  3 two-headed ogres (D:11)
  A wizard (D:11)
  2 deep elf pyromancers (D:11)
  2 cyclopes
  2 elephants
  4 black mambas (Lair:1)
  6 cane toads
  A kobold demonologist (D:8)
  A rime drake (Lair:1)
  3 komodo dragons
  2 trolls
  A hornet (D:7)
  2 wyverns
  2 vampires
  2 wraiths
  29 yaks
  2 steam dragons
  3 basilisks
  2 wargs (D:10)
  An acid dragon (D:8)
  7 water moccasins
  2 sky beasts (D:6)
  6 orc warriors
  2 black bears (D:10)
  3 ogres
  8 wolves
  4 centaurs
  A phantom (D:5)
  9 kobold brigands
  Blork the orc (D:4)
  10 bullfrogs
  A gnoll sergeant (D:10)
  2 necrophages
  A scorpion (D:6)
  5 wights
  6 orc priests
  2 jellies (D:6)
  A gnoll bouda (D:3)
  7 hounds
  Terence (D:2)
  3 iguanas
  11 orc wizards
  8 gnolls
  7 adders
  2 shadow imps
  2 white imps
  2 ufetubi
  A worm (D:4)
  A dart slug (D:3)
  44 orcs
  9 ball pythons
  5 bats
  12 endoplasms
  8 giant cockroaches
  5 goblins
  8 hobgoblins
  7 jackals
  23 kobolds
  16 quokkas
  11 frilled lizards
  7 rats
345 creatures vanquished.

Vanquished Creatures (collateral kills)
  A foxfire (D:10)
1 creature vanquished.

Vanquished Creatures (others)
  A ball python (D:4)
  955 foxfires
  27 fungi
  31 plants
1014 creatures vanquished.

Grand Total: 1360 creatures vanquished

Notes
Turn   | Place    | Note
-------+----------+-------------------------------------------
     0 | D:1      | funkygono the Demonspawn Fire Elementalist began the quest
                  | for the Orb.
     0 | D:1      | Reached XP level 1. HP: 13/13 MP: 3/3
   233 | D:1      | Gained mutation: You sometimes gain a little power by
                  | taking damage. [demonic ancestry]
   233 | D:1      | Reached XP level 2. HP: 19/19 MP: 1/5
   768 | D:1      | Reached XP level 3. HP: 24/24 MP: 2/6
   774 | D:1      | Learned a level 2 spell: Scorch
   778 | D:1      | Learned a level 3 spell: Kindle Blastsparks
  1476 | D:2      | You fall into a shaft and drop 2 floors!
  1493 | D:3      | Found a hazy altar of Hepliaklqana.
  1555 | D:4      | Noticed Blork the orc
  1948 | D:2      | Found a faded altar of an unknown god.
  2115 | D:2      | Gained mutation: You sometimes gain power by taking damage.
                  | [demonic ancestry]
  2115 | D:2      | Reached XP level 4. HP: 30/30 MP: 1/8
  2552 | D:2      | Noticed Terence
  2565 | D:2      | Killed Terence
  2566 | D:2      | Reached skill level 3 in Spellcasting
  3591 | D:3      | Found an iron altar of Okawaru.
  3592 | D:3      | Found an ancient bone altar of Kikubaaqudgha.
  3824 | D:3      | Gained mutation: You are partially covered in large bone
                  | plates. (SH +4) [demonic ancestry]
  3824 | D:3      | Reached XP level 5. HP: 16/35 MP: 1/9
  4184 | D:4      | Found a shimmering altar of Xom.
  4184 | D:4      | Noticed an angel
  4410 | D:4      | Reached skill level 4 in Spellcasting
  4410 | D:4      | Reached XP level 6. HP: 16/42 MP: 8/12
  4537 | D:4      | Killed Blork the orc
  4787 | D:4      | Learned a level 4 spell: Flame Wave
  4798 | D:5      | Entered Level 5 of the Dungeon
  4910 | D:5      | Found a staircase to the Ecumenical Temple.
  4922 | D:5      | Gained mutation: You are mostly covered in large bone
                  | plates. (SH +6) [demonic ancestry]
  4922 | D:5      | Reached XP level 7. HP: 38/47 MP: 7/14
  5031 | D:5      | Reached skill level 5 in Fire Magic
  5193 | D:5      | Reached skill level 5 in Spellcasting
  6379 | D:6      | Reached XP level 8. HP: 47/53 MP: 11/16
  6551 | D:6      | Found a burning altar of Makhleb.
  6735 | D:6      | Found a glowing drain.
  6739 | Sewer    | Entered a sewer
  7220 | Sewer    | Reached skill level 6 in Spellcasting
  7429 | D:6      | Found a bloodstained altar of Trog.
  7821 | D:6      | Reached skill level 7 in Spellcasting
  7821 | D:6      | Reached XP level 9. HP: 38/58 MP: 3/19
  7889 | D:6      | Learned a level 1 spell: Magic Dart
  8580 | D:6      | Reached skill level 1 in Shields
  8956 | D:7      | Reached skill level 8 in Spellcasting
  9021 | D:7      | Reached skill level 5 in Conjurations
  9405 | D:8      | Found a shimmering blue altar of Sif Muna.
  9526 | D:8      | Gained mutation: You regenerate a little health from kills.
                  | [demonic ancestry]
  9526 | D:8      | Reached XP level 10. HP: 60/64 MP: 2/22
  9574 | Temple   | Entered the Ecumenical Temple
  9661 | Temple   | Became a worshipper of Vehumet
 10075 | D:8      | Identified the +4 hand axe of Mayhem {vorpal, Drain rF++
                  | Str+3}
 10560 | D:8      | Found a stormy altar of Qazlal.
 10572 | D:8      | Reached skill level 1 in Maces & Flails
 10572 | D:8      | Reached skill level 9 in Spellcasting
 10627 | D:8      | Found a sparkling altar of Nemelex Xobeh.
 10903 | D:9      | Reached skill level 1 in Fighting
 10904 | D:9      | Reached * piety under Vehumet
 10904 | D:9      | Offered knowledge of Shock by Vehumet.
 10963 | D:9      | Found a broken altar of Ashenzari.
 11066 | D:9      | Found a shadowy altar of Dithmenos.
 11522 | D:9      | Noticed a cyclops
 11528 | D:9      | Killed a cyclops
 11598 | D:9      | Found a hide-covered altar of Uskayaw.
 11918 | D:9      | Learned a level 1 spell: Shock
 11962 | D:10     | Entered Level 10 of the Dungeon
 12115 | D:10     | Found a staircase to the Lair.
 12283 | D:10     | Found a staircase to the Orcish Mines.
 12293 | D:10     | Gained mutation: You are powered by pain. [demonic
                  | ancestry]
 12293 | D:10     | Reached XP level 11. HP: 70/70 MP: 20/24
 12593 | D:10     | Offered knowledge of Momentum Strike by Vehumet.
 12634 | D:10     | Found an opulent altar of Gozag.
 12711 | D:10     | Noticed a centaur warrior
 12722 | D:10     | Killed a centaur warrior
 12723 | D:10     | Reached skill level 10 in Spellcasting
 13001 | D:10     | Reached skill level 10 in Fire Magic
 13218 | D:10     | Learned a level 2 spell: Momentum Strike
 13257 | D:11     | Reached ** piety under Vehumet
 13754 | D:11     | Noticed a two-headed ogre
 13763 | D:11     | Killed a two-headed ogre
 13809 | D:11     | Found Focanuwo's Armour Shoppe.
 13817 | D:11     | Bought a +1 pair of gloves for 161 gold pieces
 13901 | D:11     | Noticed a deep elf pyromancer
 13909 | D:11     | Killed a deep elf pyromancer
 13926 | D:11     | Noticed a wizard
 13940 | D:11     | Killed a wizard
 14003 | D:11     | Got the Compendium of Axaxaxas mlö
 14014 | D:11     | Noticed a deep elf pyromancer
 14018 | D:11     | Killed a deep elf pyromancer
 14071 | D:11     | Got the Tome of Plaster Cramp
 14078 | D:11     | Got the Spellbook of Combed Thunderclap
 14146 | D:11     | Noticed a two-headed ogre
 14154 | D:11     | Killed a two-headed ogre
 14155 | D:11     | Reached skill level 11 in Spellcasting
 14339 | D:11     | Noticed a two-headed ogre
 14344 | D:11     | Killed a two-headed ogre
 14567 | D:11     | Learned a level 3 spell: Stone Arrow
 14880 | Lair:1   | Entered Level 1 of the Lair of Beasts
 14906 | Lair:1   | Got Yxugaq's Disquisition on Stormy Reformation
 15103 | Lair:1   | Gained mutation: You have a pair of small horns on your
                  | head. [demonic ancestry]
 15103 | Lair:1   | Reached XP level 12. HP: 59/78 MP: 19/27
 15204 | Lair:1   | Offered knowledge of Dazzling Flash by Vehumet.
 15438 | Lair:1   | Reached skill level 1 in Earth Magic
 15764 | Lair:1   | Noticed a seven-headed hydra
 15771 | Lair:1   | Killed a seven-headed hydra
 15863 | Lair:1   | Noticed a boulder beetle
 15900 | Lair:1   | Killed a boulder beetle
 16443 | Lair:2   | Reached *** piety under Vehumet
 16444 | Lair:2   | Reached skill level 12 in Spellcasting
 16563 | Lair:2   | Found a staircase to the Snake Pit.
 16578 | Lair:2   | Reached skill level 1 in Evocations
 16625 | Lair:1   | Offered knowledge of Sticky Flame by Vehumet.
 16631 | Lair:1   | Learned a level 4 spell: Sticky Flame
 16760 | Lair:2   | HP: 1/80 [elephant (9)]
 16765 | Lair:2   | Slain by an elephant

Illustrated notes

Levels and vault maps discovered:
D:1:      wander_arrival_estate, layout_basic, serial_park_tiny_pond
D:2:      layout_basic, chequers_ecumenical_altar_simple_redux,
          chequers_serial_rivers_room_b, minmay_fractal_squares_5, uniq_terence
D:3:      layout_basic, gammafunk_temple_overflow_pools,
          nicolae_overflow_hidden_temple, chequers_decorated_corner
D:4:      layout_rooms, grunt_temple_overflow_order_and_chaos_1,
          uniq_blork_the_orc
D:5:      layout_basic, elyvilon_altar_4, minmay_temple_entry_gardened_gates,
          kennysheep_big_empty_room
D:6:      minmay_opposing_rooms, layout_loops_ring,
          mainiacjoe_overflow_small_starburst, kennysheep_mini_moat,
          gup_sewer_entry_bowl
D:7:      layout_rooms
D:8:      layout_loops_ring, kennysheep_mini, nicolae_tso_swordbearing_angel,
          mainiacjoe_overflow_swirl, special_room [special_room_kobold],
          enter_bailey_2, nicolae_concentric_dashed_squares_mild
D:9:      layout_long_grid, mainiacjoe_overflow_alcove_1,
          nicolae_dithmenos_the_darkroom, general_overflow_altar
D:10:     layout_grid_maze, grunt_gozag_breadcrumbs,
          grunt_lair_entry_orc_guard_hut, erik_orc_3
D:11:     layout_loops_corners, serial_shops, shop, bh_hangedman_babel_library
Temple:   hellmonk_temple_rainy
Lair:1:   layout_misc_corridors, minmay_shattered_shrine, grunt_megastairs_1,
          serial_bayou_shore_b
Lair:2:   layout_loops_ring, dummy_snake_entry, minivault_19, minmay_holes

Skill      XL: |  1  2  3  4  5  6  7  8  9 10 11 12 |
---------------+-------------------------------------+-----
Dodging        | 2 3 4 |  4.5
Fire Magic     | 3 4 6 7 8 9 11 | 11.6
Spellcasting   | 3 4 5 7 8 9 11 12 | 12.2
Conjurations   | 2 3 4 5 6 7 8 |  8.5
Shields        | 2 3 |  3.1
Maces & Flails | 2 |  2.8
Fighting       | 1 2 |  2.8
Earth Magic    | 3 |  3.1
Evocations     | 1 |  1.9
Stealth        | |  1.7

Action                   |  1- 3 |  4- 6 |  7- 9 | 10-12 || total
-------------------------+-------+-------+-------+-------++-------
Melee: Club              |    16 |       |       |       ||    16
       Whip              |     3 |    17 |     5 |    63 ||    88
       Headbutt          |       |       |       |     5 ||     5
 Cast: Foxfire           |    77 |    81 |   190 |   213 ||   561
       Scorch            |       |    23 |    73 |    95 ||   191
       Flame Wave        |       |       |     2 |    33 ||    35
       Stone Arrow       |       |       |       |    43 ||    43
       Shock             |       |       |       |     2 ||     2
Evoke: Wand              |       |       |       |    10 ||    10
  Use: Scroll            |       |    17 |     6 |     6 ||    29
       Potion            |       |     2 |     2 |     2 ||     6
Armor: Robe              |     4 |     3 |    13 |     6 ||    26
       Steam dragon scal |       |       |       |    45 ||    45
Dodge: Dodged            |    26 |    41 |    45 |   100 ||   212
Block: Other             |       |     3 |    37 |    67 ||   107
       Reflection        |       |       |     2 |     1 ||     3

Table legend: (Time is in decaauts)
 A = Elapsed time spent in this place.
 B = Non-inter-level travel time spent in this place.
 C = Inter-level travel time spent in this place.
 D = Time resting spent in this place.
 E = Time spent auto-exploring this place.
 F = Levels seen in this place.
 G = Mean time per level.
                   A        B        C        D        E       F      G
               +--------+--------+--------+--------+--------+-----+--------+
         Total |  16864 |  16368 |    496 |    665 |  13099 |  15 | 1124.3 |
       Dungeon |  14212 |  13751 |    461 |    663 |  10938 |  11 | 1292.0 |
        Temple |    101 |     87 |     14 |      0 |     83 |   1 |  101.0 |
          Lair |   1887 |   1867 |     20 |      2 |   1568 |   2 |  943.5 |
         Sewer |    662 |    662 |      0 |      0 |    509 |   1 |  662.0 |
               +--------+--------+--------+--------+--------+-----+--------+

Top non-repeatable levels by time:
     D:6: 1889 daAuts
    D:10: 1582 daAuts
  Lair:1: 1462 daAuts
     D:1: 1459 daAuts
     D:8: 1455 daAuts
    D:11: 1335 daAuts
     D:3: 1210 daAuts
     D:5: 1201 daAuts
     D:2: 1152 daAuts
     D:9: 1089 daAuts
     D:4: 1072 daAuts
     D:7: 764 daAuts
   Sewer: 662 daAuts
  Lair:2: 424 daAuts
  Temple: 101 daAuts
